 Dungeon Crawl Stone Soup version 0.21.1-1-g345015f (webtiles) character file.

138260 dvd the Sorcerer (level 16, 0/81 HPs)
             Began as a Deep Elf Earth Elementalist on July 6, 2018.
             Was the Champion of Vehumet.
             Slain by an anaconda (3 damage)
             ... on level 4 of the Snake Pit on July 7, 2018.
             The game lasted 03:00:25 (32322 turns).

dvd the Sorcerer (Deep Elf Earth Elementalist)     Turns: 32322, Time: 03:00:27

Health: 0/81       AC:  7    Str:  7    XL:     16   Next: 70%
Magic:  13/48      EV: 11    Int: 28    God:    Vehumet [******]
Gold:   1439       SH:  0    Dex: 15    Spells: 6/58 levels left

rFire    + + .     SeeInvis .   a - +8 lajatang (speed)
rCold    + . .     Gourm    .   (shield currently unavailable)
rNeg     . . .     Faith    +   X - +1 leather armour of Hopscotch {*Corrode rElec rPois rF+} (curse)
rPois    +         Spirit   .   H - +2 helmet
rElec    +         Reflect  .   c - scarf {rC+ rF+}
rCorr    .         Harm     .   o - +0 pair of gloves
MR       ++...     Clarity  +   v - +2 pair of boots
Stlth    +++.......             w - amulet of faith
HPRegen  0.23/turn              s - ring of magical power
MPRegen  0.31/turn              y - ring of protection from magic

@: corroded, very slightly contaminated, constricted
A: clarity, low mp 1, strong 1
a: Renounce Religion


You were on level 4 of the Snake Pit.
You worshipped Vehumet.
Vehumet was exalted by your worship.
You were not hungry.

You visited 5 branches of the dungeon, and saw 28 of its levels.
You also visited: Labyrinth and Bailey.

You collected 2762 gold pieces.
You spent 1323 gold pieces at shops.

Inventory:

Hand Weapons
 a - a +8 lajatang of speed (weapon)
 h - a +2 dagger of holy wrath
 j - a +2 short sword of freezing
Missiles
 b - 344 stones (quivered)
Armour
 c - a scarf of resistance (worn)
 o - a +0 pair of gloves (worn)
 v - a +2 pair of boots (worn)
 H - a +2 helmet (worn)
 I - a +0 hat of see invisible
 M - the +2 robe of Poqiarch {rC+ Regen+ Int-2 SInv}
   (You found it on level 7 of the Dungeon)

   It affects your intelligence (-2).
   It protects you from cold.
   It lets you see invisible.
   It increases your rate of regeneration.
 X - the cursed +1 leather armour of Hopscotch (worn) {*Corrode rElec rPois rF+}
   (You found it on level 15 of the Dungeon)

   It protects you from fire.
   It insulates you from electricity.
   It protects you from poison.
   It may corrode you when you take damage.
   It has a curse placed upon it.
Jewellery
 e - an uncursed ring of protection from fire
 l - the ring of Helodir {*Corrode +Inv rElec Slay+2 SInv}
   (You bought it in a shop on level 2 of the Snake Pit)

   [ring of see invisible]

   It affects your accuracy and damage with ranged weapons and melee attacks
   (+2).
   It insulates you from electricity.
   It lets you see invisible.
   It lets you turn invisible.
   It may corrode you when you take damage.
 s - a ring of magical power (left hand)
 w - an amulet of faith (around neck)
 y - a ring of protection from magic (right hand)
 S - an uncursed ring of protection from cold
 Y - a +2 ring of evasion
Wands
 k - a wand of disintegration (32)
 m - a wand of acid (5)
 p - a wand of clouds (7)
 q - a wand of paralysis (14)
 t - a wand of random effects (61)
 E - a wand of flame (85)
 J - a wand of digging (12)
 K - a wand of iceblast (36)
 P - a wand of polymorph (33)
 T - a wand of scattershot (14)
Scrolls
 f - 6 scrolls of amnesia
 n - 22 scrolls of identify
 r - 4 scrolls of teleportation
 x - 4 scrolls of fear
 B - 11 scrolls of remove curse
 F - a scroll of holy word
 G - a scroll of fog
 V - a scroll of blinking
 W - a scroll of brand weapon
Potions
 g - 4 potions of brilliance
 i - 8 potions of heal wounds
 A - 5 potions of magic
 C - 3 potions of haste
 D - a potion of agility
 L - 8 potions of might
 N - 2 potions of mutation
 R - 4 potions of flight
 U - 2 potions of curing
Books
 O - a book of Spatial Translocations

   Spells                             Type                      Level
   a - Blink                          Translocation                2
   b - Shroud of Golubria             Charms/Translocation         2
   c - Lesser Beckoning               Translocation                3
   d - Gell's Gravitas                Translocation                3
   e - Teleport Other                 Translocation                3
   f - Passage of Golubria            Translocation                4
Comestibles
 d - 44 rations


   Skills:
 + Level 2.5 Fighting
 + Level 2.9 Short Blades
 + Level 3.6 Staves
 + Level 2.5 Armour
 + Level 5.0 Dodging
 + Level 7.0 Stealth
 + Level 21.7 Spellcasting
 + Level 10.5 Conjurations
 + Level 5.0 Hexes
 + Level 9.9 Charms
 + Level 3.4 Necromancy
 + Level 3.8 Translocations
 + Level 4.3 Transmutations
 + Level 5.3 Fire Magic
 + Level 18.0 Earth Magic
 + Level 2.5 Evocations


You had 6 spell levels left.
You knew the following spells:

 Your Spells              Type           Power        Failure   Level  Hunger
a - Sandblast             Erth           ######       0%          1    None
b - Stone Arrow           Conj/Erth      ######       0%          3    None
c - Lee's Rapid Deconstr  Erth           #######...   1%          5    None
d - Throw Flame           Conj/Fire      ######       1%          2    None
e - Irradiate             Conj/Tmut      ######....   1%          5    None
f - Regeneration          Chrm/Necr      ######....   1%          3    None
g - Orb of Destruction    Conj           ######....   5%          7    ###....
h - Blink                 Tloc           N/A          1%          2    None
i - Passwall              Tmut/Erth      #######...   1%          2    None
j - Iskenderun's Battles  Conj/Chrm      ######..     1%          5    None
k - Bolt of Fire          Conj/Fire      ######....   3%          6    None
l - Yara's Violent Unrav  Hex/Tmut       ######....   1%          5    None
m - Iron Shot             Conj/Erth      #######...   1%          6    None


Dungeon Overview and Level Annotations

Branches:
Dungeon (15/15)            Temple (1/1) D:7            Lair (6/6) D:8
 Shoals (0/4) Lair:3        Snake (4/4) Lair:2        Slime (0/5) Lair:5
    Orc (2/2) D:10            Elf (0/3) Orc:2        Vaults (0/5) D:13
 Depths (0/5) D:15

Altars:
Ashenzari
Cheibriados
Dithmenos
Elyvilon
Fedhas
Gozag
Hepliaklqana
Kikubaaqudgha
Makhleb
Nemelex Xobeh
Okawaru
Qazlal
Ru
Sif Muna
Trog
Uskayaw
Vehumet
Wu Jian
Xom
Yredelemnul
Zin
The Shining One
Beogh

Shops:
D:14 ?   Orc:2 [*[?   Snake:2 =

Annotations:
D:7 1 runed door


Innate Abilities, Weirdness & Mutations

You possess an exceptional clarity of mind.
Your magical capacity is low. (-10% MP)
Your muscles are strong. (Str +2)


Message History

* * * LOW HITPOINT WARNING * * *
x2 The anaconda constricts you.
The naga mage casts a spell.
The naga mage seems to speed up.
The anaconda bites you but does no damage.
* * * LOW HITPOINT WARNING * * *
The anaconda constricts you. The lindwurm bites you.
* * * LOW HITPOINT WARNING * * *
The lindwurm claws you!
* * * LOW HITPOINT WARNING * * *
The lindwurm claws you but does no damage.
You hear a roar!
Unknown command.
You feel much better. The anaconda bites you.
* * * LOW HITPOINT WARNING * * *
x2 The anaconda constricts you.
The naga warrior moves out of view.
The salamander mystic barely misses you.
The anaconda bites you!
* * * LOW HITPOINT WARNING * * *
You die...

##.#..))...#..##.####N
#...................##
#.....N....##.##.##..#
#...#NN.#####.##.###..
####'##......##.##.# ##.
#......N#.#).÷.).#.# #.
#....(.N#......^.#.# #.
#.....Sk##)#.##....## #.
#!....N@##)#.##.##..###.
#......###.).÷..###..##.
#......# ###)...# ##..##
######## #<[.#..# ##..#
#####..# ##.. #...#..#
### ##########.#.#..# #.
#..........#....# #.
#.############.## #.


You could see 2 nagarajas, a naga sharpshooter, a salamander mystic, an
anaconda, a lindwurm and 2 naga magi.

Vanquished Creatures
  Rupert (Lair:6)
  Kirke (Lair:5)
  Gastronok (Lair:3)
  2 nagarajas
  An orc warlord (Bailey)
  A stone giant (Orc:1)
  2 entropy weavers (Lair:6)
  A minotaur (Lab)
  3 fire dragons
  An ice dragon (Lair:6)
  5 vault guards (D:13)
  5 naga warriors
  5 anacondas
  A death knight (D:12)
  3 hydras
  2 ogre magi (D:13)
  6 two-headed ogres
  A queen ant (Lair:6)
  A tengu warrior (D:14)
  4 naga sharpshooters
  6 shock serpents
  2 deep elf knights (D:13)
  The ghost of nicolaieve the Cleaver, a novice MiBe of Trog (D:8)
  5 salamander mystics
  A swamp dragon (Lair:6)
  5 naga ritualists
  3 lindwurms
  6 orc knights (Orc:2)
  2 oklob plants (Lair:1)
  4 ugly things
  A wolf spider zombie (D:14)
  3 cyclopes
  A manticore (D:12)
  11 salamanders
  9 mana vipers
  4 deep elf magi
  3 guardian serpents
  Maurice (D:8)
  27 black mambas
  3 elephants (Lair:5)
  16 naga magi
  2 merfolk sirens (Lair:3)
  4 spiny frogs
  5 torpor snails (Lair:6)
  2 centaur skeletons
  A gargoyle (D:11)
  A rime drake (Lair:3)
  6 komodo dragons
  3 tyrant leeches (Lair:6)
  9 trolls
  2 tengu conjurers
  6 hornets (Lair:6)
  Grinder (D:3)
  2 merfolk (Lair:3)
  11 blink frogs
  3 hippogriffs
  A polar bear (Lair:5)
  A slime creature (D:12)
  5 dream sheep (Lair:6)
  47 yaks
  2 shadows
  2 wyverns
  Eustachio (D:5)
  4 basilisks (Lair:6)
  A human (D:13)
  5 hogs (Lair:5)
  6 vampire mosquitoes (D:12)
  A hungry ghost (D:12)
  3 steam dragons (Lair:6)
  38 nagas
  7 wargs
  23 soldier ants
  2 acid dragons (Lair:6)
  13 water moccasins
  Duvessa (D:5)
  A swamp drake (Lair:6)
  13 porcupines
  34 orc warriors
  A hornet zombie (D:11)
  3 phantoms
  6 sky beasts
  13 ice beasts
  2 black bears
  2 eyes of draining
  7 ogres
  4 wolves (Lair:6)
  15 crocodiles
  5 centaurs
  16 bullfrogs
  A gnoll sergeant (D:6)
  2 wyvern skeletons
  4 scorpions
  Dowan (D:5)
  18 killer bees
  4 wights (D:11)
  5 howler monkeys
  4 crimson imps
  2 bullfrog zombies
  A quasit (D:8)
  6 centaur zombies
  5 hounds
  13 orc priests
  8 jellies
  4 bullfrog skeletons
  10 orc wizards
  Ijyb (D:5)
  27 worker ants
  2 hound zombies
  A worker ant zombie (D:11)
  A howler monkey zombie (D:11)
  Robin (D:3)
  16 gnolls
  11 adders
  A howler monkey skeleton (D:11)
  6 shadow imps
  5 oozes
  An adder skeleton (D:9)
  3 worms
  2 dart slugs (D:1)
  4 leopard geckos
  67 orcs
  7 bats
  6 giant cockroaches
  12 goblins
  18 hobgoblins
  4 iguanas
  9 jackals
  20 kobolds
  3 quokkas
  2 ball pythons
  7 frilled lizards
  A quokka zombie (D:7)
  7 rats
  A fungus (Lair:2)
  A plant (Lair:6)
839 creatures vanquished.

Vanquished Creatures (others)
  A human (Lair:5)
  A bullfrog (Lair:5)
  A bat (D:3)
  A quokka (D:3)
  14 fungi
  24 plants
42 creatures vanquished.

Grand Total: 881 creatures vanquished

Notes
Turn   | Place    | Note
-------+----------+-------------------------------------------
     0 | D:1      | dvd the Deep Elf Earth Elementalist began the quest for the Orb.
     0 | D:1      | Reached XP level 1. HP: 10/10 MP: 6/6
   113 | D:1      | Reached XP level 2. HP: 15/15 MP: 2/8
   523 | D:1      | Reached XP level 3. HP: 19/19 MP: 7/9
   530 | D:1      | Learned a level 3 spell: Stone Arrow
   842 | D:2      | Reached skill level 4 in Spellcasting
   846 | D:2      | Reached XP level 4. HP: 18/24 MP: 4/12
  1321 | D:2      | Found a glowing silver altar of Zin.
  1329 | D:2      | Found a radiant altar of Vehumet.
  1337 | D:2      | Became a worshipper of Vehumet
  1380 | D:2      | Found an iron altar of Okawaru.
  1387 | D:2      | Found an ancient bone altar of Kikubaaqudgha.
  1387 | D:2      | Found a shimmering altar of Xom.
  1391 | D:2      | Found a stormy altar of Qazlal.
  1392 | D:2      | Found a blossoming altar of Fedhas.
  1587 | D:3      | Noticed Robin
  1768 | D:3      | Killed Robin
  1893 | D:3      | Reached skill level 5 in Spellcasting
  1893 | D:3      | Reached XP level 5. HP: 28/28 MP: 14/14
  1910 | D:3      | Learned a level 5 spell: Lee's Rapid Deconstruction
  1995 | D:3      | Noticed Grinder
  2005 | D:3      | Killed Grinder
  2005 | D:3      | Reached skill level 6 in Spellcasting
  2005 | D:3      | Reached skill level 1 in Conjurations
  2005 | D:3      | Reached skill level 5 in Earth Magic
  2005 | D:3      | Reached XP level 6. HP: 17/32 MP: 12/17
  2015 | D:3      | Reached * piety under Vehumet
  2015 | D:3      | Offered knowledge of Magic Dart by Vehumet.
  2027 | D:3      | Found an opulent altar of Gozag.
  2216 | D:3      | Learned a level 1 spell: Magic Dart
  2324 | D:3      | Reached skill level 7 in Spellcasting
  2376 | D:3      | Found a white marble altar of Elyvilon.
  2781 | D:4      | Reached XP level 7. HP: 36/36 MP: 19/19
  2797 | D:4      | Found a sparkling altar of Nemelex Xobeh.
  3073 | D:4      | Reached ** piety under Vehumet
  3109 | D:5      | Entered Level 5 of the Dungeon
  3110 | D:5      | Reached skill level 8 in Spellcasting
  3175 | D:5      | Offered knowledge of Flame Tongue by Vehumet.
  3181 | D:5      | Learned a level 1 spell: Flame Tongue
  3208 | D:5      | Found a shimmering altar of Xom.
  3213 | D:5      | Noticed Dowan
  3216 | D:5      | Noticed Duvessa
  3222 | D:5      | Killed Dowan
  3227 | D:5      | Killed Duvessa
  3758 | D:5      | Found a transporter.
  3812 | D:5      | Found a transporter.
  3819 | D:5      | Noticed Eustachio
  3827 | D:5      | Reached XP level 8. HP: 41/41 MP: 22/22
  3833 | D:5      | Noticed Ijyb
  3838 | D:5      | Killed Ijyb
  3838 | D:5      | Reached skill level 9 in Spellcasting
  4038 | D:5      | Killed Eustachio
  4449 | D:6      | Reached skill level 10 in Spellcasting
  4686 | D:6      | Offered knowledge of Throw Flame by Vehumet.
  4697 | D:6      | Learned a level 2 spell: Throw Flame
  5141 | D:6      | Learned a level 3 spell: Regeneration
  5146 | D:6      | Learned a level 4 spell: Petrify
  5536 | D:7      | Reached XP level 9. HP: 46/46 MP: 25/25
  5548 | D:7      | Reached *** piety under Vehumet
  5885 | D:7      | Found a glowing silver altar of Zin.
  5885 | D:7      | Noticed an angel
  5886 | D:7      | Found a runed door.
  6051 | D:7      | Got a fine robe
  6062 | D:7      | Identified the +2 robe of Poqiarch {rC+ Regen+ Int-2 SInv} (You found it on level 7 of the Dungeon)
  6136 | D:7      | Found a staircase to the Ecumenical Temple.
  6143 | Temple   | Entered the Ecumenical Temple
  6206 | D:7      | Reached skill level 1 in Armour
  6484 | D:7      | Learned a level 2 spell: Blink
  6487 | D:7      | Learned a level 2 spell: Passwall
  6573 | D:8      | Noticed nicolaieve's ghost (novice MiBe)
  6581 | D:8      | Reached skill level 11 in Spellcasting
  6583 | D:8      | Killed nicolaieve's ghost
  6621 | D:8      | Noticed Maurice
  6629 | D:8      | Killed Maurice
  6629 | D:8      | Reached skill level 10 in Earth Magic
  6822 | D:8      | Reached skill level 12 in Spellcasting
  6834 | D:8      | Offered knowledge of Iskenderun's Mystic Blast by Vehumet.
  6840 | D:8      | Found an iron altar of Okawaru.
  6951 | D:8      | Found a staircase to the Lair.
  6970 | D:8      | Reached XP level 10. HP: 51/51 MP: 16/28
  7289 | D:9      | Noticed a two-headed ogre
  7299 | D:9      | Reached skill level 1 in Charms
  7304 | D:9      | Noticed a cyclops
  7341 | D:9      | Reached **** piety under Vehumet
  7492 | D:9      | Found a flagged portal.
  7536 | Bailey   | Entered a bailey
  7541 | Bailey   | Noticed an orc warlord
  7758 | Bailey   | Offered knowledge of Irradiate by Vehumet.
  7765 | Bailey   | Learned a level 5 spell: Irradiate
  7891 | Bailey   | Found a runed gate.
  7893 | Bailey   | Found a runed gate.
  7903 | Bailey   | Found a runed gate.
  8243 | Bailey   | Identified the Incunabulum of Ashen Enhancements
  8330 | Bailey   | Killed an orc warlord
  8330 | Bailey   | Reached skill level 1 in Short Blades
  8330 | Bailey   | Reached skill level 5 in Stealth
  8330 | Bailey   | Reached skill level 13 in Spellcasting
  8330 | Bailey   | Reached skill level 5 in Charms
  8717 | D:9      | Killed a cyclops
  8747 | D:9      | Reached skill level 1 in Fighting
  8747 | D:9      | Reached skill level 5 in Conjurations
  8747 | D:9      | Reached XP level 11. HP: 57/57 MP: 16/30
  8854 | D:9      | Killed a two-headed ogre
  8854 | D:9      | Reached XP level 12. HP: 62/62 MP: 25/31
  9171 | D:9      | Identified a scroll of acquirement
  9325 | D:10     | Entered Level 10 of the Dungeon
  9359 | D:10     | Found a deep blue altar of Sif Muna.
  9364 | D:10     | Noticed a two-headed ogre
  9374 | D:10     | Killed a two-headed ogre
  9425 | D:10     | Identified Utoishruj's Collected Works on the Boosting Frostbite
  9433 | D:10     | Learned a level 5 spell: Iskenderun's Battlesphere
  9608 | D:10     | Reached ***** piety under Vehumet
  9634 | D:10     | Offered knowledge of Venom Bolt by Vehumet.
  9651 | D:10     | Found a shimmering altar of Xom.
  9916 | D:10     | Reached skill level 14 in Spellcasting
  9954 | D:10     | Found a staircase to the Orcish Mines.
 10558 | D:11     | Noticed a two-headed ogre
 10567 | D:11     | Killed a two-headed ogre
 11379 | D:12     | Noticed a death knight
 11387 | D:12     | Reached skill level 15 in Spellcasting
 11890 | D:12     | Offered knowledge of Bolt of Fire by Vehumet.
 11916 | D:12     | Learned a level 6 spell: Bolt of Fire
 12315 | D:12     | Killed a death knight
 12644 | Lair:1   | Entered Level 1 of the Lair of Beasts
 12699 | Lair:1   | Reached XP level 13. HP: 66/66 MP: 30/34
 12705 | Lair:1   | Reached skill level 16 in Spellcasting
 12814 | Lair:1   | Found a labyrinth entrance.
 12833 | Lab      | Entered a labyrinth
 13161 | Lab      | Noticed a minotaur
 13162 | Lab      | Killed a minotaur
 13258 | Lair:1   | Learned a level 5 spell: Yara's Violent Unravelling
 14247 | Lair:2   | Offered knowledge of Poison Arrow by Vehumet.
 14703 | Lair:2   | Found a staircase to the Snake Pit.
 15287 | Lair:3   | Reached skill level 17 in Spellcasting
 15344 | Lair:3   | Found a staircase to the Shoals.
 15608 | Lair:3   | Noticed Gastronok
 15624 | Lair:3   | Killed Gastronok
 16971 | Lair:5   | Noticed Rupert
 17097 | Lair:5   | Noticed Kirke
 17103 | Lair:5   | Killed Kirke
 17366 | Lair:5   | Reached XP level 14. HP: 71/71 MP: 31/37
 17614 | Lair:5   | Found a staircase to the Slime Pits.
 18032 | Lair:5   | Reached skill level 18 in Spellcasting
 18259 | Lair:6   | Entered Level 6 of the Lair of Beasts
 18397 | Lair:6   | Offered knowledge of Bolt of Magma by Vehumet.
 18745 | Lair:6   | Noticed an entropy weaver
 18750 | Lair:6   | Killed an entropy weaver
 18761 | Lair:6   | Noticed an entropy weaver
 18765 | Lair:6   | Killed an entropy weaver
 18765 | Lair:6   | Reached skill level 15 in Earth Magic
 19626 | Lair:6   | Reached ****** piety under Vehumet
 19826 | Lair:6   | Offered knowledge of Iron Shot by Vehumet.
 19873 | Lair:6   | Killed Rupert
 20317 | Lair:6   | Found a runed door.
 20319 | Lair:6   | Reached skill level 1 in Staves
 20852 | Lair:6   | Learned a level 6 spell: Iron Shot
 21361 | Orc:1    | Entered Level 1 of the Orcish Mines
 21373 | Orc:1    | Noticed a stone giant
 21489 | D:13     | Reached skill level 19 in Spellcasting
 22059 | D:13     | Reached XP level 15. HP: 76/76 MP: 25/40
 22235 | D:13     | Found a gate to the Vaults.
 22476 | D:13     | Gained mutation: Your magical capacity is low. (-10% MP) [potion of mutation]
 22476 | D:13     | Gained mutation: You possess an exceptional clarity of mind. [potion of mutation]
 22476 | D:13     | Gained mutation: Your muscles are strong. (Str +2) [potion of mutation]
 22532 | D:14     | Found Dechet's Magic Scroll Shoppe.
 23013 | D:14     | Offered knowledge of Orb of Destruction by Vehumet.
 23462 | D:15     | Entered Level 15 of the Dungeon
 23619 | D:15     | Found a deep blue altar of Sif Muna.
 23715 | D:15     | Found a staircase to the Depths.
 23941 | D:15     | Identified the cursed +1 leather armour of Hopscotch {*Corrode rElec rPois rF+} (You found it on level 15 of the Dungeon)
 24371 | Lair:6   | Learned a level 7 spell: Orb of Destruction
 25492 | Orc:2    | Entered Level 2 of the Orcish Mines
 25503 | Orc:2    | Found a roughly hewn altar of Beogh.
 25557 | Orc:2    | Found a staircase to the Elven Halls.
 25588 | Orc:2    | Reached skill level 20 in Spellcasting
 26057 | Orc:2    | Found a roughly hewn altar of Beogh.
 26230 | Orc:2    | Offered knowledge of Spellforged Servitor by Vehumet.
 26531 | Orc:2    | Found a roughly hewn altar of Beogh.
 26539 | Orc:2    | Found Egyfej's Armour Shoppe.
 26539 | Orc:2    | Found Myxzyid's General Store.
 26709 | Orc:2    | Found Osmenar's Magic Scroll Boutique.
 26772 | Orc:2    | Found Byuq's Armour Shoppe.
 26787 | Orc:2    | Bought a scroll of acquirement for 780 gold pieces
 27149 | Snake:1  | Entered Level 1 of the Snake Pit
 28363 | Snake:2  | Reached skill level 10 in Conjurations
 28919 | Snake:2  | Offered knowledge of Lehudib's Crystal Spear by Vehumet.
 28919 | Snake:2  | Offered knowledge of Glaciate by Vehumet.
 28919 | Snake:2  | Offered knowledge of Shatter by Vehumet.
 29031 | Snake:2  | Reached skill level 5 in Dodging
 29339 | Snake:2  | Reached XP level 16. HP: 81/81 MP: 26/38
 29360 | Snake:2  | Reached skill level 5 in Fire Magic
 29643 | Snake:2  | Found Qamenny's Jewellery Shop.
 29698 | Snake:2  | Bought the ring of Helodir {*Corrode +Inv rElec Slay+2 SInv} for 543 gold pieces
 30366 | Snake:3  | Reached skill level 21 in Spellcasting
 31434 | Snake:4  | Entered Level 4 of the Snake Pit
 31457 | Snake:3  | Reached skill level 5 in Hexes
 32320 | Snake:4  | HP: 3/81 [lindwurm (2)]
 32322 | Snake:4  | Slain by an anaconda

Skill      XL: |  1  2  3  4  5  6  7  8  9 10 11 12 13 14 15 16 |
---------------+-------------------------------------------------+-----
Earth Magic    | 4 5 6 8 10 11 13 14 15 17 18 | 18.0
Spellcasting   | 4 5 6 7 8 10 12 13 15 17 19 20 21 | 21.7
Stealth        | 3 4 5 6 7 |  7.0
Conjurations   | 1 2 3 4 5 6 8 9 10 | 10.5
Dodging        | 3 4 5 |  5.0
Armour         | 1 2 |  2.5
Transmutations | 2 3 4 |  4.3
Charms         | 7 8 9 |  9.9
Short Blades   | 2 |  2.9
Fighting       | 1 2 |  2.5
Hexes          | 2 4 5 |  5.0
Necromancy     | 2 3 |  3.4
Translocations | 2 3 |  3.8
Fire Magic     | 2 4 5 |  5.3
Evocations     | 2 |  2.5
Staves         | 2 3 |  3.6

Action                   |  1- 3 |  4- 6 |  7- 9 | 10-12 | 13-15 | 16-18 || total
-------------------------+-------+-------+-------+-------+-------+-------++-------
Melee: Dagger            |     1 |    23 |     4 |     4 |     1 |       ||    33
       Unarmed           |     1 |       |       |       |       |       ||     1
       Short sword       |       |       |       |    27 |       |       ||    27
       Lajatang          |       |       |       |       |   129 |     2 ||   131
 Cast: Sandblast         |    31 |    33 |    40 |   115 |   262 |    18 ||   499
       Stone Arrow       |     2 |    39 |    75 |    79 |   254 |    73 ||   522
       Magic Dart        |       |     1 |       |       |       |       ||     1
       Lee's Rapid Decon |       |       |    32 |    90 |   140 |    34 ||   296
       Flame Tongue      |       |       |     2 |       |       |       ||     2
       Petrify           |       |       |     4 |    11 |     8 |       ||    23
       Throw Flame       |       |       |     4 |     5 |    62 |     3 ||    74
       Passwall          |       |       |     2 |     3 |       |     1 ||     6
       Regeneration      |       |       |     1 |     6 |     5 |    17 ||    29
       Blink             |       |       |       |    12 |    34 |    10 ||    56
       Iskenderun's Batt |       |       |       |    17 |    88 |     9 ||   114
       Bolt of Fire      |       |       |       |       |    16 |     9 ||    25
       Irradiate         |       |       |       |       |    21 |     4 ||    25
       Iron Shot         |       |       |       |       |    13 |    14 ||    27
       Yara's Violent Un |       |       |       |       |     8 |     6 ||    14
       Orb of Destructio |       |       |       |       |     4 |     3 ||     7
Evoke: Wand              |       |       |       |    40 |     9 |     4 ||    53
  Use: Potion            |       |       |     2 |    10 |     4 |     6 ||    22
       Scroll            |       |       |    12 |    12 |    20 |     2 ||    46
 Stab: Sleeping          |       |     2 |     2 |     6 |     2 |     2 ||    14
       Petrified         |       |       |       |     6 |     1 |       ||     7
  Eat: Chunk             |       |     7 |    17 |    23 |    28 |     4 ||    79
       Ration            |       |       |       |     1 |     8 |     2 ||    11
Armor: Robe              |     3 |     3 |     6 |    23 |    49 |       ||    84
       Leather armour    |       |       |     6 |       |     3 |    21 ||    30
Dodge: Dodged            |     9 |    16 |    24 |    68 |   167 |    56 ||   340
